 Dungeon Crawl Stone Soup version 0.26.0-18-gc5c842f807 (webtiles) character file.

Game seed: 6997821019552579461

124 thiole the Sneak (level 5, -5/31 HPs)
             Began as an Octopode Hedge Wizard on Jan 23, 2021.
             Killed from afar by a white imp (6 damage)
             ... with a puff of frost
             ... on level 3 of the Dungeon.
             The game lasted 00:02:35 (2622 turns).

thiole the Sneak (Octopode Hedge Wizard)            Turns: 2622, Time: 00:02:36

Health: -5/31      AC:  1    Str:  9    XL:     5   Next: 8%
Magic:  3/10       EV: 13    Int: 17    God:
Gold:   69         SH:  0    Dex: 12    Spells: 10/11 levels left

rFire    . . .     SeeInvis .   n - +1 dagger (pain)
rCold    . . .     Faith    .   (no shield)
rNeg     . . .     Spirit   .   b - +0 hat
rPois    .         Reflect  .   (no amulet)
rElec    .         Harm     .   (no ring)
rCorr    .         Rampage  .   (no ring)
Will     .....                  (no ring)
Stlth    ++++......             (no ring)
HPRegen  0.10/turn              (no ring)
MPRegen  0.12/turn              (no ring)
                                (no ring)
                                (no ring)

@: no status effects
A: almost no armour, stealthy swim, amphibious, 8 rings, constrict 8, camouflage
1, gelatinous body 1
a: no special abilities


You were on level 3 of the Dungeon.
You visited 1 branch of the dungeon, and saw 3 of its levels.

You collected 69 gold pieces.

Inventory:

Hand Weapons
 a - a +0 dagger
 c - a +0 dagger of pain
 n - a +1 dagger of pain (weapon)
Armour
 b - a +0 hat (worn)
Jewellery
 d - a cursed ring of attention {unknown}
Scrolls
 e - 3 scrolls of teleportation
 i - 2 scrolls of identify {unknown}
 l - 2 scrolls of remove curse {unknown}
Potions
 f - a potion of flight
 g - a potion of heal wounds
 h - a potion of brilliance {unknown}
 j - a potion of haste {unknown}
 k - a potion of magic {unknown}
 m - a potion of invisibility {unknown}


   Skills:
 - Level 2.0 Dodging
 + Level 4.7 Stealth
 + Level 3.9 Spellcasting
 - Level 2.0 Conjurations
 - Level 2.0 Summonings
 - Level 1.0 Translocations


You had 10 spell levels left.
You knew the following spells:

 Your Spells              Type           Power        Failure   Level
a - Magic Dart            Conj           40%          7%          1

Your spell library contained the following spells:

 Spells                   Type           Power        Failure   Level
 Call Imp                 Summ           10%          11%         2
 Blink                    Tloc           N/A          16%         2
 Slow                     Hex            3%           24%         2
 Conjure Flame            Conj/Fire      6%           32%         3
 Mephitic Cloud           Conj/Pois/Air  5%           36%         3


Dungeon Overview and Level Annotations

Branches:
Dungeon (3/15)

Altars:
Okawaru


Innate Abilities, Weirdness & Mutations

You cannot wear most types of armour.
You are very stealthy in the water. (Stealth+)
You are amphibious.
You can wear up to eight rings at the same time.
You can use your tentacles to constrict eight enemies at once.
Your skin changes colour to match your surroundings (Stealth+).
Your rubbery body absorbs attacks. (AC +1, EV +1)


Message History

The white imp gestures at you. The puff of frost hits you!
* * * LOW HITPOINT WARNING * * *
Casting: Magic Dart (safe; 7% risk of failure)
Confirm with . or Enter, or press ? or * to list all spells.
Aiming: Magic Dart (safe; 7% risk of failure)
Press: ? - help, Shift-Dir - straight line, f/p - white imp
Aim: a white imp (heavily wounded, 0% to evade)
The magic dart hits the white imp.
The white imp is severely wounded.
Casting: Magic Dart (safe; 7% risk of failure)
Confirm with . or Enter, or press ? or * to list all spells.
Aiming: Magic Dart (safe; 7% risk of failure)
Press: ? - help, Shift-Dir - straight line, f/p - white imp
Aim: a white imp (severely wounded, 0% to evade)
The magic dart hits the white imp.
The white imp is almost dead.
The white imp gestures at you. The puff of frost hits you.
You die...

.# >###### #
..>.... ### .......
..# ....... #.#
###....... #.#
####......... #.###
###.##...@..5....
#...#
.......#.##(..?..
###.# #.#..# #.#
..... #.##..#.#
##.# #### #....##.#
#..#
#####†###.####.##
#...)†##.......##.#
..###..#..........#
###............#


You could see a white imp.

Vanquished Creatures
  Jessica (D:3)
  3 adders
  3 oozes
  2 worms (D:3)
  2 dart slugs
  2 leopard geckos
  2 giant cockroaches
  4 goblins
  4 hobgoblins
  10 kobolds
  2 ball pythons
  4 bats
  4 frilled lizards
  9 rats
52 creatures vanquished.

Vanquished Creatures (others)
  A plant (D:1)
1 creature vanquished.

Grand Total: 53 creatures vanquished

Notes
Turn   | Place    | Note
-------+----------+-------------------------------------------
     0 | D:1      | thiole the Octopode Hedge Wizard began the quest for the
                  | Orb.
     0 | D:1      | Reached XP level 1. HP: 11/11 MP: 4/4
   293 | D:1      | Reached XP level 2. HP: 17/17 MP: 0/6
   487 | D:1      | Reached skill level 3 in Stealth
   898 | D:2      | Found an iron altar of Okawaru.
   908 | D:2      | Reached XP level 3. HP: 18/21 MP: 2/7
  1988 | D:3      | HP: 1/21 [ooze (3)]
  1997 | D:3      | Reached XP level 4. HP: 16/27 MP: 3/9
  2211 | D:3      | Reached skill level 4 in Stealth
  2319 | D:3      | Noticed Jessica
  2328 | D:3      | Killed Jessica
  2417 | D:3      | Reached XP level 5. HP: 25/31 MP: 3/10
  2620 | D:3      | HP: 1/31 [white imp/puff of frost (13)]
  2622 | D:3      | Killed from afar by a white imp

Illustrated notes

Levels and vault maps discovered:
D:1:      roderic_crop_circles_arrival_small, layout_rooms, minivault_14,
          minmay_tree_intersection, chequers_serial_rivers_large_b
D:2:      layout_basic, grunt_ministairs_8, okawaru_metal_pillars_1_2
D:3:      layout_rooms, biasface_ghost_orc_armoury, grunt_ministairs_14,
          uniq_jessica, uniq_grinder

Skill      XL: |  1  2  3  4 |
---------------+-------------+-----
Stealth        | 3 4 |  4.7
Conjurations   | 2 |  2.0
Summonings     | 2 |  2.0
Dodging        | |  2.0
Spellcasting   | |  3.9
Translocations | |  1.0

Action                   |  1- 3 |  4- 6 || total
-------------------------+-------+-------++-------
Melee: Dagger            |    27 |    26 ||    53
       Constrict         |     9 |    11 ||    20
       Tentacles         |     8 |     9 ||    17
 Cast: Magic Dart        |    62 |    45 ||   107
  Use: Scroll            |     1 |       ||     1
       Potion            |     2 |       ||     2
 Stab: Sleeping          |     1 |       ||     1
Armor: Skin              |     1 |     1 ||     2
Dodge: Dodged            |    27 |    20 ||    47
